Map: Goldene Säulen LE

Players

WretchedSoul - Winner!

  • Race: Zerg Zerg
  • League: Diamond
  • Spawn Location: 7:00

IIIIIIIIIIII

  • Race: Zerg Zerg
  • League: Master
  • Spawn Location: 1:00

VOD

Have the link to the VOD?

Description

Time

  • Played on: June 20, 2020, 1:08 p.m.
  • Length: 12:17
Show
View Real Time Build Order
Export as new Build Order

WretchedSoul Zerg - Winner!

Build Orders: Hatch First, Zergling Baneling 

Get SALT Encoding   

  12  0:01  Drone  
  13  0:12  Overlord  
  13  0:18  Drone  
  14  0:32  Drone x2  
  14  0:34  Drone  
  17  0:54  Hatchery  
  16  0:58  Drone  
  16  1:00  Drone  
  18  1:11  Extractor  
  18  1:16  Spawning Pool  
  16  1:22  Drone x2  
  18  1:28  Drone  
  19  1:40  Overlord  
  19  1:50  Drone  
  20  2:01  Drone  
  20  2:02  Queen  
  20  2:05  Queen  
  25  2:11  Drone  
  25  2:12  Drone  
  25  2:14  Metabolic Boost  
  27  2:16  Drone  
  28  2:23  Drone  
  28  2:27  Drone  
  30  2:32  Overlord  
  30  2:38  Baneling Nest  
  30  2:39  Drone  
  30  2:45  Drone  
  31  2:51  Overlord  
  31  3:05  Zergling x6  
  33  3:07  Hatchery  
  33  3:16  Zergling x4  
  33  3:17  Zergling x6  
  38  3:33  Drone x2  
  40  3:36  Roach Warren  
  40  3:41  Zergling x4  
  40  3:44  Lair  
  40  3:45  Overlord  
  41  3:48  Baneling  
  41  3:49  Baneling  
  41  3:57  Baneling x2  
  34  4:11  Zergling x6  
  34  4:12  Zergling x8  
  39  4:22  Zergling x2  
  39  4:23  Zergling x8  
  43  4:28  Drone  
  43  4:30  Drone  
  45  4:37  Baneling x2  
  45  4:38  Baneling x2, Zergling x2  
  45  4:39  Zergling x2  
  45  4:41  Queen  
  48  5:02  Zergling x2  
  48  5:03  Zergling x4  
  48  5:04  Glial Reconstitution  
  46  5:21  Zergling x2  
  45  5:22  Zergling x8  
  45  5:23  Zergling x6  
  52  5:30  Zergling x8  
  52  5:31  Zergling x2  
  55  5:40  Drone x3  
  55  5:42  Extractor  
  50  5:45  Extractor  
  50  5:46  Baneling x2  
  48  5:54  Queen, Drone x7  
  48  5:55  Queen  
  59  6:02  Drone x2, Extractor  
  57  6:29  Drone x2  
  57  6:30  Roach  
  57  6:31  Overlord x2, Roach x2  
  57  6:32  Overlord  
  64  6:40  Baneling x2  
  64  6:45  Hatchery  
  63  6:48  Roach, Zergling x6  
  62  6:59  Roach x3  
  64  7:10  Drone x3  
  64  7:11  Drone x3  
  64  7:12  Drone x4  
  73  7:19  Drone  
  74  7:25  Hatchery  
  73  7:34  Overseer  
  73  7:35  Roach  
  73  7:36  Drone, Roach x2  
  73  7:37  Drone  
  81  7:39  Drone  
  81  7:43  Pneumatized Carapace  
  82  7:55  Roach x3  
  82  7:56  Drone, Roach  
  82  7:57  Overlord x2  
  87  8:43  Roach x7  
  87  8:44  Roach  
  87  8:46  Overlord x3  
  103  8:51  Hydralisk Den  
  102  8:55  Overlord, Extractor  
  102  8:56  Overlord x4  
  102  8:57  Extractor  
  100  9:05  Roach x6  
  112  9:30  Roach x4  
  112  9:31  Roach x7  
  134  9:35  Evolution Chamber  
  134  9:37  Evolution Chamber  
  132  9:47  Roach x3  
  132  9:48  Roach x2  
  138  10:05  Roach  
  138  10:06  Roach x5  
  146  10:24  Roach x5, Zergling x8  
  146  10:28  Overlord x2  
  152  10:51  Ravager  
  152  10:52  Ravager x9  
  160  11:03  Drone x3  
  161  11:04  Drone x2  
  161  11:05  Drone  
  161  11:06  Drone x4  
  161  11:07  Drone  
  166  11:23  Hatchery  
  163  11:26  Roach x3, Zergling x8  
  173  11:39  Overlord x4  
  173  11:46  Drone  
  173  11:47  Drone  
  168  12:03  Spire  
Show
View Real Time Build Order
Export as new Build Order

IIIIIIIIIIII Zerg 

Build Orders: Hatch First, Zergling Baneling 

Get SALT Encoding   

  12  0:01  Drone  
  13  0:15  Overlord  
  13  0:18  Drone  
  14  0:33  Drone  
  14  0:35  Drone  
  16  0:37  Drone  
  17  0:54  Hatchery  
  16  0:57  Drone  
  16  1:03  Drone  
  18  1:11  Extractor  
  17  1:16  Spawning Pool  
  17  1:18  Drone  
  17  1:23  Drone  
  18  1:34  Drone  
  19  1:42  Drone  
  20  1:53  Drone  
  21  2:05  Queen  
  21  2:06  Queen  
  25  2:12  Metabolic Boost  
  25  2:21  Hatchery  
  24  2:26  Overlord  
  24  2:30  Drone  
  24  2:31  Drone  
  26  2:40  Drone x2  
  28  2:48  Drone x3  
  31  3:02  Baneling Nest  
  30  3:06  Evolution Chamber, Drone x3  
  32  3:21  Overlord  
  32  3:22  Zergling x2  
  32  3:23  Zergling x6  
  36  3:36  Queen  
  36  3:37  Zergling x2  
  36  3:38  Zergling x6  
  42  3:57  Baneling x2  
  42  3:59  Zergling x8  
  40  4:10  Zergling x10  
  40  4:11  Zergling x2  
  43  4:19  Zergling x4  
  44  4:27  Zergling x6  
  44  4:28  Queen  
  49  4:36  Baneling x3  
  49  4:42  Overlord  
  49  4:43  Overlord  
  49  4:46  Baneling x2  
  49  4:47  Baneling x2  
  49  4:56  Overlord  
  46  5:13  Zergling x10  
  49  5:15  Drone x2  
  49  5:16  Drone  
  49  5:18  Zerg Melee Weapons Level 1  
  49  5:20  Roach Warren  
  47  5:25  Baneling x2  
  41  5:37  Zergling x4  
  41  5:41  Zergling x2  
  41  5:43  Zergling x6  
  41  5:44  Zergling x8  
  41  5:47  Zergling x2  
  49  5:53  Drone x3  
  49  5:55  Queen  
  54  6:10  Overlord x2  
  54  6:11  Roach x2  
  54  6:12  Roach x2, Baneling x2  
  57  6:28  Drone x4  
  57  6:30  Extractor  
  57  6:32  Extractor  
  57  6:37  Roach x3  
  63  6:42  Overlord, Drone x2  
  65  6:49  Drone x3  
  65  6:50  Drone  
  60  7:09  Roach  
  60  7:10  Roach x5  
  71  7:21  Zergling x8  
  71  7:22  Zergling x12  
  81  7:37  Drone x3  
  81  7:38  Overlord x2  
  81  7:43  Lair  
  84  7:45  Zerg Missile Weapons Level 1  
  84  7:56  Drone  
  84  7:57  Drone x10  
  94  8:04  Overlord  
  94  8:07  Extractor  
  94  8:08  Drone  
  94  8:09  Drone x2  
  96  8:14  Ravager x3  
  98  8:20  Ravager  
  98  8:24  Extractor  
  98  8:25  Extractor  
  92  8:35  Roach  
  92  8:36  Roach x5  
  92  8:37  Hatchery  
  103  8:46  Roach x3  
  103  8:47  Roach  
  111  8:51  Overlord  
  111  8:52  Drone x3  
  111  8:53  Drone  
  115  8:59  Overseer  
  115  9:02  Evolution Chamber  
  114  9:14  Overlord  
  114  9:15  Overlord  
  114  9:23  Roach  
  114  9:24  Roach x6  
  128  9:26  Glial Reconstitution  
  128  9:37  Zerg Ground Armor Level 1  
  126  9:48  Spine Crawler  
  126  9:49  Drone x2  
  121  9:57  Overseer  
  121  9:58  Spine Crawler  
  117  10:01  Drone x3  
  117  10:02  Drone x2  
  117  10:03  Drone x2  
  117  10:06  Spine Crawler  
  123  10:10  Overseer  
  115  10:32  Roach  
  115  10:33  Roach x6  
  126  10:38  Hydralisk Den  
  123  10:58  Overlord x3  
  123  11:00  Drone x6  
  123  11:03  Drone x2  
  123  11:04  Drone x4  
  130  11:05  Queen  
  121  11:12  Hatchery  
  121  11:14  Zergling x2  
  121  11:15  Queen, Zergling x2  
  122  11:28  Drone  
  122  11:29  Drone x4  
  122  11:54  Roach  
  122  11:55  Roach x7  
Tags
 
Add a new tag
Caveats
  • Supply blocks, unpowered buildings, or Contaminate may cause inaccurate times.
  • Supply counts are checked every 10 seconds.